groovejumper, chaotic female human Monk ----------------------------- |.............|.............| |.0..|...|..(.#.............| |.0.|..|..|...#.............| |.0|...%.....0#.............| |...0...|%.|..#.............| |0|....|....|.#.............| |..|.o|.......#.W...........| |....@oo..o|0.#.............| |...|ao|..|.0.#.............| |....|...|..0.#.............| |.....o......>|<............| |-.-#########---#########-+-| |..^^^0^^^^b^..%^^^^^^^^^^..| |........................^..| ----------------------------- groovejumper the Initiate Experience level: 8 Strength: 18 Dexterity: 18 Constitution: 12 Intelligence: 9 Wisdom: 11 Charisma: 8 Health: 0(54) Energy: 36(36) AC: 2 Gold: 3671 Moves: 3389 Your Inventory: Coins $ - 3671 gold pieces Armor a - an uncursed +2 pair of leather gloves (being worn) b - an uncursed +1 robe (being worn) q - an [uncursed] +0 pair of iron shoes (being worn) B - a [cursed +1] pair of hiking boots [jumping] Comestibles f - 6 uncursed food rations n - an [uncursed] lizard corpse C - 3 [cursed] food rations Scrolls d - 2 uncursed scrolls of gold detection k - an [uncursed] scroll labeled GARVEN DEH [of enchant armor] p - 2 [cursed] scrolls of gold detection r - an [uncursed] scroll labeled VE FORBRYDERNE [of identify] u - a [cursed] scroll labeled THARR [of remove curse] z - an [uncursed] scroll called earth [of earth] A - a [blessed] scroll called earth [of earth] E - a [blessed] scroll labeled ELAM EBOW [of destroy armor] F - a [cursed] scroll labeled GHOTI [of light] G - an [uncursed] scroll labeled PHOL ENDE WODAN [of charging] H - 2 [cursed] scrolls labeled READ ME [of create monster] I - a [cursed] unlabeled scroll [of blank paper] Spellbooks J - a [cursed] dog eared spellbook [of haste self] K - a [cursed] shining spellbook [of magic missile] L - a [cursed] wrinkled spellbook [of dig] Potions M - a [cursed] clear potion [of unholy water] N - a [cursed] greasy potion [of invisibility] Rings Q - a [cursed] ceramic ring [of stealth] R - a [cursed +2] jade ring [of gain constitution] S - a [cursed] obsidian ring [of polymorph] T - a [cursed] ruby ring [of sustain ability] U - a [cursed -2] wire ring [of adornment] Wands e - an [uncursed] wand of speed monster [0:4] g - a [cursed] wand of polymorph [0:4] h - a [cursed] wand of polymorph [0:4] w - an [uncursed] wand of light [0:13] x - an [uncursed] long wand [of create monster (0:14)] V - a [cursed] bone wand [of opening (0:4)] W - a [cursed] wand of striking [0:4] X - a [cursed] wand of striking [0:6] Y - a [cursed] wand of secret door detection [0:12] Z - a [cursed] orichalcum wand [of teleportation (0:4)] Tools i - a [cursed] blindfold j - an uncursed magic marker (0:68) m - a [cursed] key [skeleton key] Spells known in the end: Name Level Category Fail Memory a - healing 1 healing 0% [|||||||.] Your skills at the end: Fighting Skills martial arts [Skilled / Grand Master] Weapon Skills Spellcasting Skills healing spells [Basic / Expert] Final Attributes: You were piously aligned. Hunger level was 329. Your alignment was 26 / 26. Monster difficulty range was 1 - 7. Level difficulty was 7. You were immune to sleep. You were immune to poison. You saw invisible. You were telepathic. You were warned. You were stealthy. You were fast. Your luck was zero. You are dead. Vanquished creatures: a ghost a large dog 2 chameleons a giant beetle 2 cockatrices 3 winter wolf cubs a scorpion a lizard a housecat a jaguar a raven a gnome mummy a fire ant a water nymph an Uruk-hai an orc shaman a rock mole a gnomish wizard a wax golem 2 giant ants a floating eye a dwarf a homunculus 2 kobold lords 8 hill orcs 3 rothes a giant bat an orc zombie an iguana 3 acid blobs 2 coyotes a green mold 7 garter snakes a gecko 4 jackals a fox 2 goblins a sewer rat a grid bug a lichen 3 kobold zombies 3 newts 74 creatures vanquished. Voluntary challenges: You were an atheist. You pretended to be a vegetarian. You never hit with a wielded weapon. You read items or engraved 3 times. You put on armor 4 times. You never genocided any monsters. You never polymorphed an object. You never changed form. You used no wishes. You never wrote Elbereth's name. You encountered 1 bones level. You never used any Sokoban shortcuts. Dungeon overview: The Dungeons of Doom: levels 1 to 8 Level 1 a fountain a long staircase Level 2 a fountain Level 3 a long staircase Level 4 a fountain Level 5 a fountain Level 7 many fountains Level 8 stairs to Sokoban Sokoban: Level 7 <- You were here a magic chest stairs to The Dungeons of Doom History has recorded: On T:1 you entered the Dungeons of Doom to retrieve the Amulet of Yendor! On T:315 you reached level 2 of The Dungeons of Doom. On T:447 you advanced to experience level 2. On T:521 you reached level 3 of The Dungeons of Doom. On T:565 you advanced to experience level 3. On T:728 you advanced to experience level 4. On T:756 you reached level 4 of The Dungeons of Doom. On T:828 you advanced to experience level 5. On T:960 you reached level 5 of The Dungeons of Doom. On T:1448 you reached level 6 of The Dungeons of Doom. On T:1490 you advanced to experience level 6. On T:1700 you reached level 7 of The Dungeons of Doom. On T:1728 you advanced to experience level 7. On T:1793 you received advice from The Oracle. On T:1978 you reached level 8 of The Dungeons of Doom. On T:2087 you advanced to experience level 8. On T:2329 you reached level 3 of Sokoban. Latest messages: The hill orc swings her curved sword. The hill orc misses. The hill orc hits! [HP-14=26] You kill the hill orc! The hill orc swings his curved sword. The hill orc hits! [HP-7=19] You hit the hill orc! You kill the hill orc! The hill orc swings his curved sword. The hill orc misses. The soldier ant just misses! The soldier ant misses. You hit the soldier ant! The soldier ant bites! The soldier ant stings! The hill orc swings his curved sword. The hill orc hits! The hill orc misses. The hill orc thrusts his knife. The hill orc hits! You die... Final status: Punardarsanaya groovejumper the Monk... You died in Sokoban on dungeon level 7 with 4782 points, and 3671 pieces of gold, after 3389 moves. You were level 8 with a maximum of 54 hit points when you died.